cohdb
Replays
Latest Replays
All Replays
Popular Replays
Top Player Replays
Match Explorer
How It Works
Community
CoH3 Stats
Reddit
Sign in to upload your games and track your stats! →
Sign in with Steam
Match 42406185
Unlisted
Match 42406185
Overview
Messages
Build Orders
End
Construct Section Command Post
Vickers Machine Gun Team
Dingo Light Scout Car
Selects Canadian Shock Battlegroup
Selects Canadian Shock Battlegroup
Infantry Section
Infantry Section
Grenade Package
Selects Incendiary Munitions
Construct Platoon Command Post
Selects Offensive Resupply
Selects Canadian Shock Section
Humber Armored Car
Construct Field Infirmary
Infantry Section
Selects Pyrotechnics
Infantry Training
6-pounder Anti-tank Gun Team
6-pounder Anti-tank Gun Team
Selects Smoke Operation
Construct Company Command Post
Crusader II Medium Tank
Crusader II Medium Tank
Royal Engineer Section
Selects Churchill Crocodile Heavy Tank
Smoke Operation
Smoke Operation
Churchill Crocodile Heavy Tank
Armored Vehicle Training
Smoke Operation
Canadian Shock Section
Crusader II Medium Tank
Crusader II Medium Tank
Crusader II Medium Tank
Smoke Operation
Crusader II Medium Tank
Smoke Operation
Crusader II Medium Tank
Smoke Operation
STALKER4732
kit.ohume
Devochkin
BATTLEDANNY1
Lord Dung
peace
0
0
Comments
sign in to comment!
No comments posted yet!